 Dungeon Crawl Stone Soup version 0.31.0-11-ge490571c62 (webtiles) character file.

Game seed: 17753325827733335182

217 qw the Skirmisher (level 5, -7/29 HPs)
             Began as a Deep Elf Hunter on Feb 4, 2024.
             Mangled by an orc warrior
             ... wielding a +0 mace
              (9 damage)
             ... on level 4 of the Dungeon.
             The game lasted 00:00:10 (2031 turns).

qw the Skirmisher (Deep Elf Hunter)                 Turns: 2031, Time: 00:00:10

Health: -7/29      AC:  8    Str: 10    XL:     5   Next: 61%
Magic:  7/7        EV: 11    Int: 14    God:
Gold:   843        SH:  0    Dex: 18    Spells: 4/4 levels left

rFire   + . .        a - +0 shortbow
rCold   . . .        (shield currently unavailable)
rNeg    . . .        i - +2 ring mail
rPois   .            (no helmet)
rElec   .            (no cloak)
rCorr   .            j - +0 pair of gloves
SInv    .            (no boots)
Will    .....        (no amulet)
Stlth   +            c - ring of protection from fire
HPRegen 0.24/turn    (no ring)
MPRegen 0.10/turn

%: no passive effects
@: lit by a corona, glowing
A: no striking features
a: no special abilities


You were on level 4 of the Dungeon.
You visited 1 branch of the dungeon, and saw 4 of its levels.

You collected 843 gold pieces.


   Skills:
 + Level 1.6 Fighting
 - Level 9.2 Ranged Weapons
 - Level 2.4 Dodging
 - Level 1.2 Stealth


You had 4 spell levels left.
You didn't know any spells.
Your spell library was empty.

Inventory:

Hand Weapons
 a - a +0 shortbow (weapon)
Armour
 i - a +2 ring mail (worn)
 j - a +0 pair of gloves (worn)
Jewellery
 c - a ring of protection from fire (left hand)
Potions
 b - a potion of cancellation
 e - a potion of enlightenment
 g - 2 potions of curing
 l - a potion of heal wounds {unknown}

Dungeon Overview and Level Annotations

Branches:
Dungeon (4/15)
 Temple: D:4-7

Altars:

Shops:
D:2 (

Annotations:
D:4 Dowan


Message History

2021 ||| RETREEEEATING.
You shoot an arrow. The orc wizard shouts!
The arrow hits the orc.
You kill the orc!
Dowan points at you and mumbles some strange words.
You are outlined in light.
Something hits you but does no damage. The scorpion stings you.
2022 ||| RETREEEEATING.
A goblin comes into view. It is wielding a +0 dagger.
The goblin shouts!
Something hits you.
There is a stone staircase leading up, spattered with blood here.
You see here a +0 hand axe.
2023 ||| RETREEEEATING.
Something hits you but does no damage. Dowan misses you.
You see here a +0 leather armour.
2024 ||| RETREEEEATING.
Dowan attacks as he pursues you! Dowan hits you with a +0 dagger.
The orc attacks as it pursues you! The orc barely misses you.
Something hits you. The scorpion barely misses you.
2025 ||| RETREEEEATING.
The orc priest attacks as it pursues you!
The orc priest hits you but does no damage.
2026 ||| RETREEEEATING.
Something hits you.
You shoot an arrow.
The arrow hits the orc warrior but does no damage.
Something barely misses you.
You shoot an arrow. The arrow closely misses the scorpion.
You shoot an arrow. The arrow hits the orc warrior.
The orc warrior is lightly wounded.
You shoot an arrow.
The arrow hits the orc warrior but does no damage.
The orc warrior is lightly wounded.
The orc warrior misses you.
You shoot an arrow.
The arrow hits the orc warrior but does no damage.
The orc warrior is lightly wounded.
The orc warrior hits you with a +0 mace!
You die...

..........#
#........
#......#
#.....#### .
.###...<....#...
.....o.ogo......
......o.{s##..##
........#o# .#
....##..#@# ..
.... #.##.# .
..# #. #.# .. ..
#.# #.. ... #.
#.. #.. ....


You could see an orc warrior, a scorpion, an orc priest, an orc and a goblin.

Vanquished Creatures
  A jelly (D:4)
  A bombardier beetle (D:3)
  Jessica (D:3)
  Natasha (D:3)
  3 adders
  2 ribbon worms (D:2)
  6 orcs
  7 endoplasms
  3 giant cockroaches (D:1)
  7 goblins
  4 hobgoblins
  3 jackals (D:1)
  2 quokkas
  7 ball pythons
  2 bats (D:1)
  7 frilled lizards
  4 kobolds
  5 rats
66 creatures vanquished.

Notes
Turn   | Place    | Note
-------+----------+-------------------------------------------
     0 | D:1      | qw the Deep Elf Hunter began the quest for the Orb.
     0 | D:1      | Reached XP level 1. HP: 12/12 MP: 3/3
     0 | D:1      | 0 ||| qw: Version: 0.3-a-160-g6735b56
     0 | D:1      | 0 ||| qw: Game counter: 5671
     0 | D:1      | 0 ||| qw: Melee chars always use a shield: true
     0 | D:1      | 0 ||| qw: God list: Okawaru
     0 | D:1      | 0 ||| qw: Allow faded altars: false
     0 | D:1      | 0 ||| qw: Do Orc after clearing Dungeon:15 true
     0 | D:1      | 0 ||| qw: Do second Lair branch before Depths: true
     0 | D:1      | 0 ||| qw: Lair rune preference: random
     0 | D:1      | 0 ||| qw: Goals: Normal
     0 | D:1      | 0 ||| PLANNING D:1-11
    93 | D:1      | Reached skill level 6 in Ranged Weapons
    93 | D:1      | Reached XP level 2. HP: 16/16 MP: 4/4
   383 | D:1      | 383 ||| UPGRADING to +0 ring mail.
   393 | D:1      | 393 ||| DROPPING +0 leather armour.
   394 | D:1      | 394 ||| READING scroll labelled JYMUAH HYTOU.
   395 | D:1      | 395 ||| READING 2 scrolls labelled RULICUZEURGH.
   395 | D:1      | 395 ||| ENCHANTING +0 ring mail.
   396 | D:1      | 396 ||| READING scroll of enchant armour.
   396 | D:1      | 396 ||| ENCHANTING +1 ring mail.
   397 | D:1      | 397 ||| READING scroll labelled QESHRU OMNADWU.
   398 | D:1      | 398 ||| READING scroll labelled QEECUOBLECA.
   398 | D:1      | Identified a scroll of acquirement
   398 | D:1      | 398 ||| ACQUIRING 638 gold pieces
   398 | D:1      | Acquired 638 gold pieces
   400 | D:1      | 400 ||| DRINKING 2 green potions.
   401 | D:1      | 401 ||| DROPPING scroll of butterflies.
   453 | D:2      | Reached XP level 3. HP: 20/20 MP: 5/5
   485 | D:2      | Reached skill level 7 in Ranged Weapons
   757 | D:2      | Reached XP level 4. HP: 21/25 MP: 6/6
   815 | D:2      | Found Gyptoa Nous's Weapon Emporium.
   892 | D:2      | 892 ||| UPGRADING to +0 pair of gloves.
   897 | D:2      | 897 ||| UPGRADING to ring of protection from fire.
   898 | D:2      | 898 ||| READING 2 scrolls labelled ZULUAT HELI.
   898 | D:2      | 898 ||| IDENTIFYING yellow potion
   899 | D:2      | 899 ||| READING scroll of identify.
   899 | D:2      | 899 ||| IDENTIFYING sedimented orange potion
   900 | D:2      | 900 ||| READING scroll labelled NABIXTUHEE.
   960 | D:3      | Noticed Jessica
   963 | D:3      | Killed Jessica
  1114 | D:3      | Reached skill level 8 in Ranged Weapons
  1287 | D:3      | Found a faded altar of an unknown god.
  1587 | D:3      | Reached XP level 5. HP: 29/29 MP: 7/7
  1609 | D:3      | Noticed Natasha
  1615 | D:3      | Killed Natasha
  1956 | D:3      | 1956 ||| READING scroll of identify.
  1956 | D:3      | 1956 ||| IDENTIFYING red potion
  1957 | D:3      | 1957 ||| READING scroll labelled NUESYO FAHIYF.
  1958 | D:3      | 1958 ||| READING scroll labelled ECYAMOGGOQE.
  1963 | D:3      | 1963 ||| DROPPING potion of lignification.
  2008 | D:4      | Reached skill level 9 in Ranged Weapons
  2014 | D:4      | Noticed Dowan
  2018 | D:4      | Noticed an orc warrior
  2019 | D:4      | 2019 ||| RETREEEEATING.
  2020 | D:4      | 2020 ||| RETREEEEATING.
  2021 | D:4      | 2021 ||| RETREEEEATING.
  2022 | D:4      | 2022 ||| RETREEEEATING.
  2023 | D:4      | 2023 ||| RETREEEEATING.
  2024 | D:4      | 2024 ||| RETREEEEATING.
  2024 | D:4      | HP: 4/29 [Dowan/+0 dagger (5)]
  2025 | D:4      | 2025 ||| RETREEEEATING.
  2026 | D:4      | 2026 ||| RETREEEEATING.
  2026 | D:4      | HP: 1/29 [something (3)]
  2031 | D:4      | Mangled by an orc warrior

Levels and vault maps discovered:
D:1:      dpeg_arrival_arbitrary_a, layout_basic, chequers_mini_garden,
          nicolae_titane
D:2:      layout_rooms, serial_shops, nicolae_shop_trees
D:3:      layout_loops_corners, chequers_ecumenical_altar_grove, uniq_natasha,
          uniq_jessica
D:4:      layout_cave_pools, gammafunk_temple_overflow_pools,
          minmay_temple_entry_junction_2, grunt_tough_drop, uniq_duvessa

Skill      XL: |  1  2  3  4  5 |
---------------+----------------+-----
Ranged Weapons | 6 7 8 9 |  9.2
Fighting       | |  1.6
Dodging        | |  2.4
Stealth        | |  1.2

Action                     |  1- 3 |  4- 6 || total
---------------------------+-------+-------++-------
   Fire: Shortbow          |   118 |    85 ||   203
    Use: Scroll            |     5 |     6 ||    11
         Potion            |     1 |       ||     1
 Armour: Leather armour    |    10 |       ||    10
         Ring mail         |    17 |    35 ||    52
  Dodge: Dodged            |    34 |    25 ||    59

Table legend:
 A = Non-vault XP
 B = Vault XP
 C = Vault XP percentage of total XP
 D = Non-vault monster count
 E = Vault monster count
 F = Vault count percentage of total count
                 A         B        C        D         E       F
            +---------+---------+-------+---------+---------+-------
      Total |     238 |      72 |  23.2 |      64 |       2 |   3.0
            +---------+---------+-------+---------+---------+-------
        D:1 |      40 |       0 |   0.0 |      25 |       0 |   0.0
        D:2 |      67 |       0 |   0.0 |      22 |       0 |   0.0
        D:3 |      85 |      72 |  45.9 |      15 |       2 |  11.8
        D:4 |      46 |       0 |   0.0 |       2 |       0 |   0.0
            +---------+---------+-------+---------+---------+-------
